 Dungeon Crawl Stone Soup version 0.29-a0-472-ge5599a681e (webtiles) character file.

Game seed: 11384411513312521457

80 siradein the Skirmisher (level 4, -3/35 HPs)
             Began as a Vampire Fighter on May 23, 2022.
             Slain by a gnoll
             ... wielding a +0 flail
              (4 damage)
             ... on level 2 of the Dungeon.
             The game lasted 00:03:14 (1276 turns).

siradein the Skirmisher (Vampire Fighter)           Turns: 1276, Time: 00:03:15

Health: -3/35      AC:  5    Str: 15    XL:     4   Next: 18%
Magic:  4/4        EV: 10    Int: 12    God:
Gold:   53         SH:  4    Dex: 13    Spells: 3/3 levels left

rFire   . . .      SeeInvis +   a - +0 long sword
rCold   . . .      Faith    .   c - +0 buckler
rNeg    . . .      Spirit   .   j - +0 ring mail
rPois   .          Reflect  .   (no helmet)
rElec   .          Harm     .   (no cloak)
rCorr   +          Rampage  .   (no gloves)
Will    .....                   (no boots)
Stlth   +.........              (no amulet)
HPRegen 0.31/turn               h - ring of resist corrosion
MPRegen 0.09/turn               (no ring)

@: mighty, healing quickly
A: alive, fangs 3, see invisible, vampiric 2
a: Exsanguinate


You were on level 2 of the Dungeon.
You visited 1 branch of the dungeon, and saw 2 of its levels.

You collected 53 gold pieces.

Inventory:

Hand Weapons
 a - a +0 long sword (weapon)
Armour
 c - a +0 buckler (worn)
 j - a +0 ring mail (worn)
Jewellery
 h - a ring of resist corrosion (left hand)
Scrolls
 e - 2 scrolls of fear {unknown}
 g - a scroll of enchant armour {unknown}
 l - a scroll of blinking {unknown}
Potions
 b - 2 potions of curing {unknown}
 d - a potion of might
 f - a potion of mutation {unknown}
 i - a potion of brilliance {unknown}
 k - a potion of heal wounds {unknown}


   Skills:
 + Level 3.2 Fighting
 + Level 2.8 Long Blades
 - Level 2.5 Armour
 + Level 1.5 Dodging
 + Level 3.2 Shields


You had 3 spell levels left.
You didn't know any spells.
Your spell library contained the following spells:

 Spells                   Type           Power      Damage    Failure   Level
 Ozocubu's Armour         Ice            0%         N/A       94%         3
 Ozocubu's Refrigeration  Ice            0%         4d5       100%        7


Dungeon Overview and Level Annotations

Branches:
Dungeon (2/15)

Altars:


Innate Abilities, Weirdness & Mutations

Your natural rate of healing is accelerated.
You have razor-sharp teeth.
You have supernaturally acute eyesight. (SInv)
You are afflicted with vampirism and can become a bat while bloodless.


Message History

A kobold is nearby!
The kobold throws a stone.
The stone misses you.
The kobold throws a stone.
The stone misses you.
The kobold throws a stone.
You block the stone. The kobold hits you but does no damage.
You hit the kobold.
The kobold is heavily wounded.
You block the kobold's attack.
You hit the kobold.
You kill the kobold!
No target in view!
No target in view!
No target in view!
Things that are here:
a +0 club; 3 stones You open the door.
There is an open door here.
You open the door.
A gnoll comes into view. It is wielding a +0 halberd.
The gnoll shouts!
A gnoll comes into view. It is wielding a +0 flail.
Found 14 gold pieces.
The gnoll shouts!
The gnoll hits you with a +0 halberd!
There is an open door, spattered with blood here.
You closely miss the gnoll. The gnoll hits you with a +0 halberd.
The gnoll barely misses you.
You slash the gnoll!
The gnoll is heavily wounded.
The gnoll hits you with a +0 halberd!
You hit the gnoll. You bite the gnoll.
You kill the gnoll!
The gnoll hits you with a +0 flail. The gnoll attacks as you move away!
The gnoll hits you with a +0 flail!
* * * LOW HITPOINT WARNING * * *
You barely miss the gnoll. The gnoll hits you with a +0 flail.
* * * LOW HITPOINT WARNING * * *
You feel very mighty all of a sudden. The gnoll hits you with a +0 flail.
You die... ♣PP

♣....♣.§§§PP.#..[# P♣ ♣..♣P♣
.♣.♣.♣♣§♣..#.###
.P.♣♣.P♣♣♣.♣.♣.♣.§..##.#
...♣.PPP..♣♣.♣..♣...#..#
.8...♣P.♣P...)♣÷♣♣.##.## !.
..P..♣..♣♣...♣.♣..#..# .
♣♣..♣.♣.♣.###♣.P.♣#.# . ♣P
♣P.♣....g##.##♣.###.# ♣. .
♣....♣.@#')$.+#P.#..# ♣.♣♣.
♣..♣♣♣P.♣##.##.♣.#.##
♣....♣♣♣♣§♣♣♣♣.♣.# #PP..♣.#
♣PP.♣§§§PP.♣♣.♣♣ ♣.P.♣.#
♣....♣♣§#§.....♣♣♣♣##..#
......#§§.§###......<.....##
.#########.###.......###..#
######## #.##.........##..#
#..^...# #.##.###.....##.##


You could see a gnoll.

Vanquished Creatures
  A gnoll (D:2)
  2 adders (D:2)
  2 worms (D:2)
  2 dart slugs (D:1)
  5 endoplasms
  4 goblins
  3 hobgoblins
  6 kobolds
  3 quokkas (D:2)
  5 ball pythons
  2 bats (D:1)
  3 frilled lizards (D:1)
  2 rats
40 creatures vanquished.

Vanquished Creatures (others)
  3 plants (D:2)
3 creatures vanquished.

Grand Total: 43 creatures vanquished

Notes
Turn   | Place    | Note
-------+----------+-------------------------------------------
     0 | D:1      | siradein the Vampire Fighter began the quest for the Orb.
     0 | D:1      | Reached XP level 1. HP: 17/17 MP: 1/1
   178 | D:1      | Reached XP level 2. HP: 23/23 MP: 2/2
   202 | D:1      | Found a faded altar of an unknown god.
   828 | D:2      | Gained mutation: You are afflicted with vampirism and can
                  | become a bat while bloodless. [Vampire growth]
   828 | D:2      | Reached XP level 3. HP: 19/29 MP: 3/3
   935 | D:2      | Reached skill level 1 in Dodging
  1172 | D:2      | Reached XP level 4. HP: 26/35 MP: 4/4
  1275 | D:2      | HP: 1/35 [gnoll/+0 flail (5)]
  1276 | D:2      | Slain by a gnoll

Illustrated notes

Levels and vault maps discovered:
D:1:      sevenhm_arrival_forest_fort_small_1, layout_basic,
          nicolae_ecumenical_snake_handling
D:2:      wad_woods_tower, layout_basic

Skill      XL: |  1  2  3 |
---------------+----------+-----
Fighting       | 3 |  3.2
Shields        | 3 |  3.2
Dodging        | 1 |  1.5
Long Blades    | |  2.8
Armour         | |  2.5

Action                   |  1- 3 |  4- 6 || total
-------------------------+-------+-------++-------
Melee: Long sword        |   107 |     6 ||   113
       Bite              |     7 |     1 ||     8
  Use: Potion            |       |     1 ||     1
Armor: Scale mail        |    15 |       ||    15
       Ring mail         |    13 |     1 ||    14
Dodge: Dodged            |    51 |     3 ||    54
Block: Buckler           |    15 |     2 ||    17

Table legend: (Time is in decaauts)
 A = Elapsed time spent in this place.
 B = Non-inter-level travel time spent in this place.
 C = Inter-level travel time spent in this place.
 D = Time resting spent in this place.
 E = Time spent auto-exploring this place.
 F = Levels seen in this place.
 G = Mean time per level.
                   A        B        C        D        E       F      G
               +--------+--------+--------+--------+--------+-----+--------+
         Total |   1316 |   1276 |     40 |      0 |    986 |   2 |  658.0 |
       Dungeon |   1316 |   1276 |     40 |      0 |    986 |   2 |  658.0 |
               +--------+--------+--------+--------+--------+-----+--------+

Top non-repeatable levels by time:
     D:1: 830 daAuts
     D:2: 486 daAuts
